 Dungeon Crawl Stone Soup version 0.24.0-2-g5b39cebb1c (webtiles) character file.

Game seed: 12017105729676486328, levelgen mode: deterministic

2207 H0rd4k the Cutter (level 9, 0/68 HPs)
             Began as a Human Artificer on Oct 30, 2019.
             Slain by a gnoll
             ... wielding a +0 spear
              (4 damage)
             ... on level 6 of the Dungeon on Oct 31, 2019.
             The game lasted 00:11:10 (6698 turns).

H0rd4k the Cutter (Human Artificer)                 Turns: 6698, Time: 00:11:11

Health: 0/68       AC:  3    Str: 21    XL:     9   Next: 60%
Magic:  21/21      EV: 14    Int: 13    God:
Gold:   234        SH:  0    Dex: 14    Spells: 8/8 levels left

rFire    . . .     SeeInvis .   A - +1 rapier of the Forest {pierce, *Drain MP+9 Str+7} (curse)
rCold    . . .     Gourm    .   (no shield)
rNeg     . . .     Faith    .   b - +0 leather armour
rPois    .         Spirit   .   (no helmet)
rElec    .         Reflect  .   (no cloak)
rCorr    .         Harm     .   (no gloves)
MR       .....                  (no boots)
Stlth    ++........             q - amulet of regeneration
HPRegen  0.61/turn              (no ring)
MPRegen  0.17/turn              (no ring)

@: no status effects
A: no striking features
a: no special abilities


You were on level 6 of the Dungeon.
You were not hungry.

You visited 2 branches of the dungeon, and saw 7 of its levels.

You collected 234 gold pieces.

Inventory:

Hand Weapons
 a - a +0 short sword
 c - a +0 short sword of flaming
 A - the cursed +1 rapier of the Forest (weapon) {pierce, *Drain MP+9 Str+7}
   (You found it on level 4 of the Dungeon)

   It inflicts extra damage upon your enemies.
   It affects your strength (+7).
   It affects your magic capacity (+9).
   It causes draining when unequipped.
   It has a curse placed upon it.
 E - a +5 long sword
Missiles
 u - 8 boomerangs (quivered)
Armour
 b - a +0 leather armour (worn)
 l - a +0 pair of gloves
 s - a +0 leather armour of magic resistance
 v - a +1 cloak
Jewellery
 q - an amulet of regeneration (around neck)
Wands
 d - a wand of enslavement (14)
 e - a wand of random effects (5)
 B - a wand of scattershot (4)
Scrolls
 g - 4 scrolls of identify {unknown}
 h - 3 scrolls of immolation {unknown}
 i - 2 scrolls of enchant armour {unknown}
 j - 2 scrolls of fear {unknown}
 p - a scroll of amnesia {unknown}
 r - 5 scrolls of remove curse {unknown}
 t - a scroll of magic mapping {unknown}
 y - 6 scrolls of teleportation {unknown}
Potions
 k - 2 potions of ambrosia {unknown}
 m - 2 potions of curing {unknown}
 n - a potion of agility {unknown}
 o - 2 potions of might {unknown}
 w - 3 potions of flight {unknown}
 x - a potion of heal wounds {unknown}
 z - 2 potions of haste {unknown}
 C - a potion of brilliance {unknown}
 D - a potion of resistance {unknown}
 F - a potion of experience {unknown}
Comestibles
 f - 15 rations


   Skills:
 + Level 5.0 Fighting
 + Level 7.6 Short Blades
 + Level 4.9 Armour
 + Level 4.9 Dodging
 + Level 2.2 Stealth
 + Level 4.5 Evocations


You had 8 spell levels left.
You didn't know any spells.
Your spell library contained the following spells:

 Spells                   Type           Power        Failure   Level  Hunger
 Animate Skeleton         Necr           N/A          34%         1    ##.....
 Apportation              Tloc           #.....       34%         1    ##.....
 Confusing Touch          Hex            #.....       34%         1    ##.....
 Corona                   Hex            #......      34%         1    ##.....
 Summon Small Mammal      Summ           #...         34%         1    ##.....
 Ensorcelled Hibernation  Hex/Ice        #.....       47%         2    ###....
 Confuse                  Hex            #.......     71%         3    ####...
 Dazzling Spray           Conj/Hex       #.....       71%         3    ####...
 Tukima's Dance           Hex            #.......     71%         3    ####...


Dungeon Overview and Level Annotations

Branches:
Dungeon (6/15)             Temple (1/1) D:4

Altars:
Ashenzari
Cheibriados
Dithmenos
Elyvilon
Fedhas
Hepliaklqana
Makhleb
Nemelex Xobeh
Ru
Sif Muna
Uskayaw
Vehumet
Wu Jian
Xom
Yredelemnul
Zin
The Shining One

Annotations:
D:5 exclusion: downstairs


Message History

You barely miss the orc wizard.
The orc wizard is lightly wounded.
The orc wizard hits you but does no damage.
The gnoll completely misses you. The orc wizard closely misses you.
You closely miss the orc wizard.
The orc wizard is lightly wounded.
The orc wizard points at you and mumbles some strange words.
The magic dart hits you!
* * * LOW HITPOINT WARNING * * *
You hit the orc wizard.
The orc wizard is severely wounded.
The gnoll barely misses you.
The orc wizard points at you and mumbles some strange words.
The magic dart hits you!
* * * LOW HITPOINT WARNING * * *
You barely miss the orc wizard.
The orc wizard is severely wounded.
The orc wizard hits you but does no damage.
The gnoll hits you from afar with a +0 spear.
You die...

###################
#..................
#..................
#..................
#..................
##..##.##########'#
##+##'####### #..
#...#@....... #..
#...#o....... #..
#..gg........ #..
#..##.....##. #..
#..######+# #..
#.g# .### #g.# ....
#..# .... #..# ....


You could see an orc wizard and a gnoll.

Vanquished Creatures
  Pikel (D:5)
  Sigmund (D:6)
  An orc warrior (D:6)
  2 black bears (D:6)
  A hornet zombie (D:6)
  5 ogres
  4 wights (D:6)
  A howler monkey (D:5)
  2 bullfrog zombies
  2 crimson imps (D:6)
  An orc priest (D:6)
  An iguana (D:4)
  4 orc wizards
  4 worker ants (D:4)
  Natasha (D:2)
  A hound skeleton (D:5)
  2 gnolls (D:6)
  6 adders
  5 shadow imps (D:5)
  2 oozes
  4 worms
  4 dart slugs
  4 leopard geckos
  6 orcs
  2 ball pythons (D:1)
  A bat (D:2)
  4 giant cockroaches
  5 goblins
  10 hobgoblins
  3 jackals (D:6)
  3 quokkas
  5 frilled lizards
  6 kobolds
  12 rats
116 creatures vanquished.

Vanquished Creatures (others)
  A leopard gecko skeleton (D:5)
1 creature vanquished.

Grand Total: 117 creatures vanquished

Notes
Turn   | Place    | Note
-------+----------+-------------------------------------------
     0 | D:1      | H0rd4k the Human Artificer began the quest for the Orb.
     0 | D:1      | Reached XP level 1. HP: 15/15 MP: 3/3
   363 | D:1      | Reached XP level 2. HP: 21/21 MP: 4/4
  1000 | D:1      | Reached XP level 3. HP: 18/26 MP: 5/5
  1329 | D:2      | Found a faded altar of an unknown god.
  1768 | D:2      | Reached XP level 4. HP: 20/32 MP: 6/6
  1817 | D:2      | Reached skill level 1 in Armour
  2041 | D:2      | Reached skill level 2 in Short Blades
  2409 | D:2      | Noticed Natasha
  2414 | D:2      | Killed Natasha
  2541 | D:2      | Found a burning altar of Makhleb.
  2543 | D:2      | Found a radiant altar of Vehumet.
  2571 | D:2      | Found a sacrificial altar of Ru.
  2724 | D:3      | Reached XP level 5. HP: 28/37 MP: 7/7
  3389 | D:3      | Reached XP level 6. HP: 44/44 MP: 8/8
  3878 | D:4      | Found a staircase to the Ecumenical Temple.
  3920 | D:4      | Reached skill level 3 in Short Blades
  3991 | D:4      | Noticed an ogre
  3998 | D:4      | Killed an ogre
  4014 | D:4      | Noticed an ogre
  4025 | D:4      | Killed an ogre
  4025 | D:4      | Reached XP level 7. HP: 30/50 MP: 10/10
  4152 | D:4      | Reached skill level 4 in Short Blades
  4288 | D:4      | Got a twisted rapier
  4289 | D:4      | Identified the cursed +1 rapier of the Forest {pierce,
                  | *Drain MP+9 Str+7} (You found it on level 4 of the Dungeon)
  4608 | D:4      | Found a shattered altar of Ashenzari.
  4608 | D:4      | Found a hazy altar of Hepliaklqana.
  4753 | D:5      | Entered Level 5 of the Dungeon
  4807 | Temple   | Entered the Ecumenical Temple
  5327 | D:5      | Reached XP level 8. HP: 11/58 MP: 11/11
  5571 | D:5      | Reached skill level 5 in Short Blades
  5655 | D:5      | Noticed Pikel
  5696 | D:5      | Killed Pikel
  5696 | D:5      | Reached skill level 6 in Short Blades
  6022 | D:6      | Noticed Sigmund
  6036 | D:6      | Killed Sigmund
  6036 | D:6      | Reached XP level 9. HP: 31/65 MP: 12/12
  6192 | D:6      | HP: 1/66 [orc warrior/+0 halberd (15)]
  6368 | D:6      | Reached skill level 7 in Short Blades
  6692 | D:6      | Reached skill level 5 in Fighting
  6698 | D:6      | Slain by a gnoll

Levels and vault maps discovered:
D:1:      kennysheep_arrival_seaside, layout_loops_ring
D:2:      layout_basic, nicolae_overflow_hidden_temple,
          nicolae_ru_path_of_blood, chequers_ecumenical_altar_twisty,
          uniq_natasha
D:3:      layout_basic
D:4:      layout_basic, gammafunk_temple_overflow_wave, temple_pool_b,
          first_ration, minivault_27, minmay_starry_boxes
D:5:      layout_cave_pods, uniq_pikel
D:6:      layout_gridville, minmay_three_doors, uniq_sigmund
Temple:   minmay_temple_bridge_abc

Skill      XL: |  1  2  3  4  5  6  7  8  9 |
---------------+----------------------------+-----
Armour         | 1 2 3 4 |  4.9
Short Blades   | 2 3 4 6 7 |  7.6
Dodging        | 3 4 |  4.9
Fighting       | 2 3 4 5 |  5.0
Evocations     | 4 |  4.5
Stealth        | 2 |  2.2

Action                   |  1- 3 |  4- 6 |  7- 9 || total
-------------------------+-------+-------+-------++-------
Melee: Short sword       |   139 |   180 |    57 ||   376
       Rapier            |       |       |   195 ||   195
Evoke: Wand              |     1 |    20 |     7 ||    28
 Stab: Sleeping          |     3 |       |       ||     3
  Eat: Chunk             |     2 |     8 |     9 ||    19
Armor: Leather armour    |    19 |    24 |    31 ||    74
Dodge: Dodged            |    72 |    97 |   142 ||   311
